 Dungeon Crawl Stone Soup version 0.26.1-2-gb8aa6d0 (webtiles) character file.

Game seed: 3990254299019302218

268 Geeful the Covert (level 6, -1/44 HPs)
             Began as an Octopode Delver on Mar 18, 2021.
             Slain by an orc priest
             ... wielding a +0 trident of protection
              (4 damage)
             ... on level 3 of the Dungeon.
             The game lasted 00:11:14 (2944 turns).

Geeful the Covert (Octopode Delver)                 Turns: 2944, Time: 00:11:15

Health: -1/44      AC:  1    Str: 11    XL:     6   Next: 21%
Magic:  6/6        EV: 14    Int: 15    God:
Gold:   159        SH:  0    Dex: 13    Spells: 5/5 levels left

rFire    . . .     SeeInvis .   w - +1 rapier
rCold    . . .     Faith    .   (no shield)
rNeg     . . .     Spirit   .   n - +0 hat {Will+}
rPois    .         Reflect  .   (no amulet)
rElec    .         Harm     .   (no ring)
rCorr    .         Rampage  .   (no ring)
Will     +....                  (no ring)
Stlth    +++++.....             (no ring)
HPRegen  0.14/turn              (no ring)
MPRegen  0.10/turn              (no ring)
                                (no ring)
                                (no ring)

@: no status effects
A: almost no armour, stealthy swim, amphibious, 8 rings, constrict 8, camouflage
1, gelatinous body 1
a: no special abilities


You were on level 3 of the Dungeon.
You visited 1 branch of the dungeon, and saw 8 of its levels.

You collected 159 gold pieces.

Inventory:

Hand Weapons
 a - a +0 short sword
 w - a +1 rapier (weapon)
Armour
 n - a +0 hat of willpower (worn)
Wands
 f - a wand of digging (3)
Scrolls
 b - a scroll of fog
 c - 2 scrolls of magic mapping
 d - a scroll of fear
 g - 3 scrolls of teleportation
 l - 3 scrolls of identify
 o - a scroll of blinking
 p - a scroll of amnesia
 q - 2 scrolls of remove curse
Potions
 e - a potion of haste
 h - 2 potions of ambrosia
 i - 2 potions of might
 j - 2 potions of invisibility
 k - a potion of magic {unknown}
 m - a potion of heal wounds {unknown}
 r - a potion of lignification {unknown}
 u - a potion of attraction {unknown}


   Skills:
 + Level 4.4 Fighting
 - Level 2.7 Short Blades
 + Level 3.7 Dodging
 + Level 8.1 Stealth


You had 5 spell levels left.
You didn't know any spells.
Your spell library was empty.

Dungeon Overview and Level Annotations

Branches:
Dungeon (8/15)
 Temple: D:4-7         Lair: D:8-11

Altars:

Annotations:
D:3 3 runed translucent doors, Zock's ghost, amateur MfFi


Innate Abilities, Weirdness & Mutations

You cannot wear most types of armour.
You are very stealthy in the water. (Stealth+)
You are amphibious.
You can wear up to eight rings at the same time.
You can use your tentacles to constrict eight enemies at once.
Your skin changes colour to match your surroundings (Stealth+).
Your rubbery body absorbs attacks. (AC +1, EV +1)


Message History

You constrict the orc priest, but do no damage.
The orc priest hits you with a +0 trident of protection.
You hit the orc priest but do no damage.
The orc priest is moderately wounded.
You constrict the orc priest, but do no damage.
The orc priest invokes the aid of Beogh against you.
Pain shoots through your body!
* * * LOW HITPOINT WARNING * * *
You hit the orc priest but do no damage.
The orc priest is moderately wounded.
You constrict the orc priest.
The orc priest calls down the wrath of Beogh upon you.
Pain shoots through your body!
* * * LOW HITPOINT WARNING * * *
You hit the orc priest but do no damage.
You squeeze the orc priest.
The orc priest is heavily wounded.
You constrict the orc priest, but do no damage.
The orc priest hits you with a +0 trident of protection.
You die...

#....).... #.........
#.. #.........
#####.o######.........
#.....>...............
###............#........
...............#o.....(.
...............#@.......
................)......#
.......................#
......)................#
.......#####...........#
.....†.# #...........#
.##....# #############
.####### .#


You could see an orc priest.

Vanquished Creatures
  A bullfrog (D:8)
  An orc wizard (D:3)
  A centaur skeleton (D:7)
  5 adders
  2 oozes
  3 dart slugs
  A worm (D:2)
  2 leopard geckos
  9 orcs
  A ball python (D:7)
  8 bats
  5 giant cockroaches
  5 goblins
  6 hobgoblins
  7 jackals
  2 quokkas
  6 frilled lizards
  7 kobolds
  3 rats
75 creatures vanquished.

Notes
Turn   | Place    | Note
-------+----------+-------------------------------------------
     0 | D:5      | Geeful the Octopode Delver began the quest for the Orb.
     0 | D:5      | Reached XP level 1. HP: 16/16 MP: 1/1
    60 | D:7      | Noticed an ogre
    91 | D:8      | Noticed an orc warrior
    91 | D:8      | Noticed an orc priest
   107 | D:8      | Noticed a bullfrog
   112 | D:8      | Killed a bullfrog
   113 | D:8      | Reached skill level 7 in Stealth
   113 | D:8      | Reached XP level 2. HP: 21/21 MP: 2/2
   113 | D:8      | Reached XP level 3. HP: 26/26 MP: 3/3
   113 | D:8      | Reached XP level 4. HP: 31/31 MP: 4/4
   421 | D:2      | Reached XP level 5. HP: 30/37 MP: 5/5
  1513 | D:2      | Noticed a sky beast
  2456 | D:3      | Found a runed translucent gate.
  2456 | D:3      | Found a runed translucent gate.
  2456 | D:3      | Found a runed translucent gate.
  2460 | D:3      | Noticed Zock's ghost (amateur MfFi)
  2484 | D:3      | Reached skill level 8 in Stealth
  2485 | D:3      | Reached XP level 6. HP: 25/43 MP: 6/6
  2944 | D:3      | Slain by an orc priest

Illustrated notes

Levels and vault maps discovered:
D:1:      scummos_arrival_gate, layout_basic,
          wander_ebering_terrifying_dragon_lair
D:2:      layout_basic, st_stairs_6, minmay_misc_feat_rows, minmay_tetromino_t4
D:3:      layout_basic, led_sif_book, old_standard_altar, gammafunk_ghost_split
D:4:      minmay_chambers_of_threes, layout_cave_pools, lightli_temple_of_fire
D:5:      layout_rooms, kennysheep_mini_moat, basic_altar
D:6:      layout_cave_pods, eat_drink_and_be_merry_uskayaw,
          minmay_temple_entry_proselytizer, chequers_serial_rivers_micro_a
D:7:      nzn_winding_woodlands_cross [nzn_winding_woodlands_5x15_split_checker,
          nzn_winding_woodlands_5x15_zeroes,
          nzn_winding_woodlands_5x15_sidewinder,
          nzn_winding_woodlands_5x15_river_crossing,
          nzn_winding_woodlands_15x15_thick_spiral], layout_cave_pods,
          elyvilon_altar_1, slow_altar_1
D:8:      layout_basic, kennysheep_mini, nzn_hepliaklqana_mist_gate,
          serial_shops, shop

Skill      XL: |  1  2  3  4  5 |
---------------+----------------+-----
Stealth        | 7 8 |  8.1
Dodging        | 3 |  3.7
Fighting       | 4 |  4.4
Short Blades   | |  2.7

Action                   |  1- 3 |  4- 6 || total
-------------------------+-------+-------++-------
Melee: Short sword       |     8 |   109 ||   117
       Constrict         |     2 |    43 ||    45
       Tentacles         |       |    25 ||    25
       Rapier            |       |    43 ||    43
  Use: Scroll            |       |     9 ||     9
 Stab: Sleeping          |     4 |    17 ||    21
       Distracted        |       |     1 ||     1
Armor: Skin              |     2 |     7 ||     9
Dodge: Dodged            |     3 |   101 ||   104
